 Dungeon Crawl Stone Soup version 0.30.1-11-g7821555f0a (webtiles) character file.

Game seed: 11594572947751700425

4048 booth the Cleaver (level 10, -4/81 HPs)
             Began as a Demonspawn Monk on Dec 14, 2023.
             Was a Believer of Ashenzari.
             Slain by a wyvern (5 damage)
             ... while petrified by a basilisk
             ... on level 8 of the Dungeon.
             The game lasted 01:05:06 (9190 turns).

booth the Cleaver (Demonspawn Monk)                 Turns: 9190, Time: 01:05:06

Health: -4/81      AC: 14    Str: 20    XL:     10   Next: 4%
Magic:  10/10      EV:  2    Int: 10    God:    Ashenzari [**....]
Gold:   127        SH:  0    Dex: 15    Spells: 9/9 levels left

rFire   . . .        w - +1 war axe
rCold   . . .        (no shield)
rNeg    + + +        p - +3 leather armour
rPois   ∞            (no helmet)
rElec   .            J - +2 cloak "Pessimism of Ashenzari" {Evo, Melee} (curse)
rCorr   .            (no gloves)
SInv    +            (boots unavailable)
Will    .....        h - amulet of the acrobat
Stlth   ++           e - ring of Panopticon {AC+4, Cun, Evo} (curse)
HPRegen 0.33/turn    s - ring of Ashenzari's Burden {EV+5, Melee, Elem} (curse)
MPRegen 0.12/turn

%: acrobat
@: mighty, petrified, studying 2 skills
A: hooves 3, rugged brown scales 1, powered by pain 1, demonic magic 1, strong
1, MP-powered wands
a: Renounce Religion, Shatter the Chains


You were on level 8 of the Dungeon.
You worshipped Ashenzari.
Ashenzari was pleased with you.
You visited 2 branches of the dungeon, and saw 9 of its levels.

You collected 297 gold pieces.
You spent 170 gold pieces at shops.

Inventory:

Hand Weapons
 a - a +1 hand axe
 i - a +0 whip of draining
 w - a +1 war axe (weapon)
 H - a +1 battleaxe of electrocution
Missiles
 n - 6 poisoned darts
 z - 6 boomerangs (quivered)
 N - a javelin
Armour
 d - an orb of light
 p - a +3 leather armour (worn)
 B - a +0 ring mail
 F - a +2 leather armour of fire resistance
 J - the cursed +2 cloak "Pessimism of Ashenzari" (worn) {Evo, Melee}
   (You found it on level 5 of the Dungeon)

   It has a curse which improves the following skills: Evocations: Evocations.
   Melee Combat: Short Blades, Long Blades, Axes, Maces & Flails, Polearms,
   Staves and Unarmed Combat.
Jewellery
 e - the cursed ring of Panopticon (left hand) {AC+4, Cun, Evo}
   (You found it on level 6 of the Dungeon)

   [ring of protection]

   AC:        It affects your AC (+4).
   It has a curse which improves the following skills: Cunning: Dodging and
   Stealth.
   Evocations: Evocations.
 h - an amulet of the acrobat (around neck)
 m - a ring of flight
 s - the cursed ring of Ashenzari's Burden (right hand) {EV+5, Melee, Elem}
   (You found it on level 2 of the Dungeon)

   [ring of evasion]

   EV:        It affects your evasion (+5).
   It has a curse which improves the following skills: Melee Combat: Short
   Blades, Long Blades, Axes, Maces & Flails, Polearms, Staves and Unarmed
   Combat.
   Elements:  Fire Magic, Ice Magic, Air Magic and Earth Magic.
Wands
 y - a wand of polymorph (3)
 A - a wand of digging (5)
 G - a wand of flame (8)
 M - a wand of light (8)
Scrolls
 k - a scroll of vulnerability
 o - a scroll of poison
 q - a scroll of amnesia
 r - 2 scrolls of teleportation
 u - 2 scrolls of fear
 C - 4 scrolls of enchant armour
 K - a scroll of blinking
 L - a scroll of magic mapping
Potions
 b - a potion of berserk rage
 c - 3 potions of ambrosia
 f - 4 potions of haste
 g - 2 potions of flight
 j - 3 potions of might
 l - 2 potions of attraction
 t - 5 potions of curing
 v - a potion of mutation
 x - 2 potions of lignification
 D - 2 potions of resistance
 E - a potion of invisibility
 I - a potion of heal wounds


   Skills:
 + Level 7.4 Fighting
 * Level 10.1(11.8) Axes
 + Level 5.6 Throwing
 + Level 2.6 Armour
 - Level 3.2(4.3) Dodging
 + Level 2.8(3.8) Stealth
 + Level 2.8(4.3) Evocations


You had 9 spell levels left.
You didn't know any spells.
Your spell library contained the following spells:

 Spells                   Type           Power      Damage    Failure   Level
 Ensorcelled Hibernation  Hex/Ice        0%         N/A       54%         2
 Passwall                 Tmut/Erth      0%         N/A       54%         2
 Swiftness                Air            0%         N/A       77%         3
 Dazzling Flash           Conj/Hex       0%         N/A       78%         3
 Vhi's Electric Charge    Tloc/Air       0%         N/A       78%         3
 Agony                    Necr           0%         N/A       100%        5
 Arcjolt                  Conj/Air       0%         1d10      100%        5
 Silence                  Hex/Air        0%         N/A       100%        5
 Borgnjor's Revivificati  Necr           0%         N/A       100%        8
 Maxwell's Capacitive Co  Air            0%         ∞         100%        8
 Necromutation            Tmut/Necr      0%         N/A       100%        8
 Death's Door             Necr           0%         N/A       100%        9


Dungeon Overview and Level Annotations

Branches:
Dungeon (8/15)             Temple (1/1) D:4            Lair (0/5) D:8

Altars:
Ashenzari
Cheibriados
Dithmenos
Fedhas
Hepliaklqana
Kikubaaqudgha
Makhleb
Nemelex Xobeh
Okawaru
Qazlal
Ru
Sif Muna
Trog
Uskayaw
Vehumet
Wu Jian

Shops:
D:3 ?


Innate Abilities, Weirdness & Mutations

You have hooves in place of feet.
You are partially covered in rugged brown scales. (AC +1, +3% HP)
You sometimes gain a little power by taking damage.
Spells you cast may paralyse adjacent enemies.
Your muscles are strong. (Str +4, Int/Dex -1)
You expend magic power (3 MP) to strengthen your wands.


Message History

The basilisk misses you. The basilisk completely misses you.
Your limbs are stiffening.
The wyvern misses you. The basilisk gazes at you.
Your limbs have turned to stone.
The wyvern barely misses you.
You have turned to stone.
The wyvern bites you. The basilisk barely misses you.
The wyvern bites you but does no damage.
The basilisk barely misses you. The wyvern bites you!
The wyvern bites you but does no damage.
The komodo dragon bites you but does no damage.
The basilisk bites you but does no damage. x2
The wyvern bites you! The komodo dragon bites you!!
You focus on the pain.
You feel very mighty all of a sudden. The basilisk barely misses you.
The basilisk gazes at you. The wyvern bites you! The wyvern bites you!
The komodo dragon bites you!! The basilisk completely misses you.
The basilisk bites you.
The wyvern bites you but does no damage.
The komodo dragon bites you!!
* * * LOW HITPOINT WARNING * * *
The basilisk bites you but does no damage. x2
The wyvern bites you!
* * * LOW HITPOINT WARNING * * *
The wyvern bites you but does no damage.
The komodo dragon bites you but does no damage.
The basilisk bites you!
* * * LOW HITPOINT WARNING * * *
The basilisk bites you.
* * * LOW HITPOINT WARNING * * *
The wyvern bites you but does no damage.
The komodo dragon bites you.
* * * LOW HITPOINT WARNING * * *
The basilisk gazes at you. You resist with some effort. The basilisk bites you.
* * * LOW HITPOINT WARNING * * *
The wyvern bites you!
You die...

.# ## ### #### ##*
#.######..### #> * * *
......###.#.## .##* *
###........#.####..#* *
*
.####..............##...
## #.#.###.....lll.....#
* *
######..#...l@#...... *
, * ...##.#...#....##.
,###*######..###.#, * *
, .## *# * *## *


You could see a komodo dragon, 2 basilisks and a wyvern.

Vanquished Creatures
  6 yaks (D:8)
  2 wyverns (D:8)
  A steam dragon (D:8)
  Duvessa (D:5)
  An ice beast (D:7)
  3 orc warriors (D:8)
  2 ogres
  4 centaurs
  3 phantoms
  A kobold brigand (D:7)
  Blork the orc (D:5)
  A bullfrog (D:8)
  2 scorpions
  3 wights (D:7)
  Dowan (D:5)
  2 howler monkeys
  5 hounds
  A jelly (D:6)
  5 orc priests
  A sleepcap (D:6)
  3 iguanas
  Ijyb (D:5)
  5 orc wizards
  17 gnolls
  9 adders
  A shadow imp (D:6)
  3 white imps
  An ufetubus (D:4)
  2 worms
  4 dart slugs
  33 orcs
  11 endoplasms
  6 giant cockroaches
  3 goblins
  6 hobgoblins
  12 kobolds
  A quokka (D:3)
  5 ball pythons
  9 bats
  3 frilled lizards
  7 rats
188 creatures vanquished.

Notes
Turn   | Place    | Note
-------+----------+-------------------------------------------
     0 | D:1      | booth the Demonspawn Monk began the quest for the Orb.
     0 | D:1      | Reached XP level 1. HP: 18/18 MP: 1/1
   112 | D:1      | Gained mutation: You have large cloven feet. [demonic
                  | ancestry]
   112 | D:1      | Reached XP level 2. HP: 24/24 MP: 2/2
   189 | D:1      | Reached skill level 3 in Axes
   474 | D:1      | Gained mutation: You are partially covered in rugged brown
                  | scales. (AC +1, +3% HP) [demonic ancestry]
   474 | D:1      | Reached XP level 3. HP: 21/26 MP: 3/3
  1129 | D:2      | Gained mutation: You sometimes gain a little power by
                  | taking damage. [demonic ancestry]
  1129 | D:2      | Reached XP level 4. HP: 26/37 MP: 4/4
  1970 | D:3      | Reached skill level 4 in Axes
  2034 | D:3      | Found Asylogh's Magic Scroll Emporium.
  2037 | D:3      | Bought a scroll of identify for 20 gold pieces
  2115 | D:3      | Gained mutation: You have hoof-like feet. [demonic
                  | ancestry]
  2115 | D:3      | Reached XP level 5. HP: 43/43 MP: 5/5
  2122 | D:3      | Reached skill level 1 in Throwing
  2221 | D:3      | Noticed a phantom
  2247 | D:3      | Killed a phantom
  2610 | D:3      | Gained mutation: Your muscles are strong. (Str +4, Int/Dex
                  | -1) [potion of mutation]
  2610 | D:3      | Gained mutation: You expend magic power (3 MP) to
                  | strengthen your wands. [potion of mutation]
  2719 | D:4      | Gained mutation: You have hooves in place of feet. [demonic
                  | ancestry]
  2719 | D:4      | Reached XP level 6. HP: 46/49 MP: 6/6
  2935 | D:4      | Reached skill level 5 in Axes
  3295 | D:4      | Identified the +1 quarterstaff of Por Taz {flame, Int+4
                  | Dex-5}
  3487 | D:4      | Reached XP level 7. HP: 55/56 MP: 7/7
  3523 | D:4      | Found a staircase to the Ecumenical Temple.
  3532 | Temple   | Entered the Ecumenical Temple
  3960 | D:4      | Found a sparkling altar of Nemelex Xobeh.
  4268 | Temple   | Became a worshipper of Ashenzari the Shackled
  4336 | D:5      | Entered Level 5 of the Dungeon
  4336 | D:5      | Noticed Blork the orc
  4411 | D:5      | Reached skill level 5 in Fighting
  4445 | D:5      | Reached skill level 6 in Axes
  4473 | D:5      | Found a snail-covered altar of Cheibriados.
  4741 | D:5      | Found a shadowy altar of Dithmenos.
  4959 | D:5      | Noticed Ijyb
  4961 | D:5      | Noticed Duvessa
  4970 | D:5      | Noticed Dowan
  4991 | D:5      | Killed Ijyb
  5005 | D:5      | Killed Dowan
  5006 | D:5      | Reached XP level 8. HP: 14/64 MP: 8/8
  5006 | D:5      | HP: 2/64 [Duvessa/+0 short sword (9)]
  5008 | D:5      | Killed Duvessa
  5229 | D:5      | Killed Blork the orc
  5470 | D:5      | Reached * piety under Ashenzari
  5578 | D:3      | Bought a scroll of enchant armour for 75 gold pieces
  5578 | D:3      | Bought a scroll of enchant armour for 75 gold pieces
  5659 | D:5      | Found an ornate altar of the Wu Jian Council.
  5860 | D:6      | Reached skill level 7 in Axes
  5919 | D:6      | You fall into a shaft and drop 2 floors!
  6208 | D:7      | Found a sacrificial altar of Ru.
  6210 | D:7      | Found a stormy altar of Qazlal.
  6213 | D:7      | Found a shimmering blue altar of Sif Muna.
  6859 | D:6      | Reached skill level 8 in Axes
  6994 | D:6      | Gained mutation: Spells you cast may paralyse adjacent
                  | enemies. [demonic ancestry]
  6994 | D:6      | Reached XP level 9. HP: 70/73 MP: 9/9
  7090 | D:6      | Identified a scroll of acquirement
  7112 | D:6      | Acquired a manual of Axes
  7644 | D:7      | Found a hazy altar of Hepliaklqana.
  8223 | D:8      | Found a hide-covered altar of Uskayaw.
  8366 | D:8      | Reached skill level 5 in Throwing
  8366 | D:8      | Reached skill level 1 in Stealth
  8371 | D:8      | Reached skill level 1 in Evocations
  8408 | D:8      | Reached skill level 1 in Armour
  8619 | D:8      | Reached skill level 9 in Axes
  9121 | D:8      | Reached ** piety under Ashenzari
  9161 | D:8      | Reached skill level 10 in Axes
  9161 | D:8      | Reached XP level 10. HP: 76/81 MP: 10/10
  9171 | D:8      | Found a staircase to the Lair.
  9189 | D:8      | HP: 3/81 [basilisk (3)]
  9190 | D:8      | HP: 1/81 [basilisk (1)]
  9190 | D:8      | Slain by a wyvern

Illustrated notes

Levels and vault maps discovered:
D:1:      tarquinn_simple_flora_water_a, layout_basic, st_stairs_6
D:2:      layout_basic, minmay_tiny_reverse_x
D:3:      layout_loops_ring, serial_shops, nicolae_shop_real_fake_doors,
          serial_park_tiny_pond
D:4:      layout_loops_corners, nemelex_spade_bored_becter, temple_hall
D:5:      layout_rooms, nicolae_overflow_crystal_walls,
          mainiacjoe_overflow_catch_the_wave, uniq_blork_the_orc, uniq_ijyb,
          uniq_duvessa
D:6:      layout_cave_pools
D:7:      layout_basic, nzn_hepliaklqana_mist_gate, grunt_temple_overflow_open
D:8:      layout_basic, mainiacjoe_overflow_small_starburst,
          nicolae_uskayaw_dance_hall, erik_lair_dragon, special_room
          [special_room_orc], enter_bailey_8, minmay_manual_mares
Temple:   grunt_temple_mini_profane

Skill      XL: |  1  2  3  4  5  6  7  8  9 |
---------------+----------------------------+-----
Axes           | 3 4 5 6 8 10 | 10.1
Dodging        | 3 |  3.2
Fighting       | 4 5 6 7 |  7.4
Throwing       | 1 2 3 4 5 |  5.6
Stealth        | 2 |  2.8
Evocations     | 2 |  2.8
Armour         | 2 |  2.6

Action                     |  1- 3 |  4- 6 |  7- 9 | 10-12 || total
---------------------------+-------+-------+-------+-------++-------
  Melee: Hand axe          |   105 |   170 |   196 |       ||   471
         Kick              |    22 |    52 |   117 |     5 ||   196
         Punch             |       |     1 |     1 |       ||     2
         War axe           |       |       |   153 |     9 ||   162
  Throw: Dart              |       |    24 |     4 |       ||    28
         Javelin           |       |     5 |    10 |       ||    15
         Boomerang         |       |       |    54 |       ||    54
 Invoke: Curse Item        |       |       |     3 |       ||     3
    Use: Scroll            |     2 |     7 |     6 |       ||    15
         Potion            |       |     3 |     2 |       ||     5
   Stab: Sleeping          |       |       |     1 |     1 ||     2
 Armour: Robe              |    18 |       |       |       ||    18
         Leather armour    |     4 |    19 |    84 |    16 ||   123
  Dodge: Dodged            |    67 |   114 |   310 |    16 ||   507
